 Dungeon Crawl Stone Soup version 0.17.2 (webtiles) character file.

3163 Goblin1989 the Grappler (level 9, -3/66 HPs)
             Began as a Demonspawn Wanderer on June 30, 2016.
             Was a Believer of Kikubaaqudgha.
             Killed by divine providence
             ... invoked by an orc priest
              (14 damage)
             ... on level 8 of the Dungeon.
             The game lasted 00:49:39 (11407 turns).

Goblin1989 the Grappler (Demonspawn Wanderer)      Turns: 11407, Time: 00:49:39

Health: -3/66      AC:  6    Str: 16    XL:     9   Next: 63%
Magic:  14/14      EV: 11    Int: 17    God:    Kikubaaqudgha [**....]
Gold:   40         SH:  4    Dex:  9    Spells: 7 memorised, 1 level left

rFire  . . .     SeeInvis +       - Unarmed
rCold  . . .     Clarity  .     F - +0 ring mail
rNeg   . . .     SustAt   .     K - +0 buckler
rPois  .         Gourm    .     k - +1 hat
rElec  .         Spirit   .     (no cloak)
rCorr  .         Warding  .     (no gloves)
rMut   .         Stasis   .     (no boots)
MR     .....                    (no amulet)
Stlth  +.........               (no ring)
                                A - ring of see invisible {sInv, !d}

@: not resistant to hostile enchantments, very unstealthy
A: claws 2, horns 1, talons 1, demonic guardian 1, rot immunity
a: Receive Corpses, Renounce Religion


You were on level 8 of the Dungeon.
You worshipped Kikubaaqudgha.
Kikubaaqudgha was pleased with you.
You were not hungry.

You visited 1 branch of the dungeon, and saw 8 of its levels.

You collected 359 gold pieces.
You spent 319 gold pieces at shops.

Inventory:

Hand Weapons
 b - a +0 blowgun
Missiles
 l - 151 stones (quivered)
 q - 35 sling bullets
 y - 7 poisoned needles
 C - 7 tomahawks
Armour
 d - the +1 robe of Beauty {rF- MR+++ Slay+3}
   (You bought it in a shop on level 7 of the Dungeon)

   It affects your accuracy and damage with ranged weapons and melee attacks
   (+3).
   It makes you vulnerable to fire.
   It affects your resistance to hostile enchantments.
 j - a +2 shield of protection
 k - a +1 hat (worn)
 F - a +0 ring mail (worn)
 K - a +0 buckler (worn)
Jewellery
 x - an uncursed ring of positive energy {unknown}
 z - an uncursed ring of ice {rC+, rF-}
 A - a ring of see invisible (left claw) {sInv, !d}
Scrolls
 a - a scroll of blinking {unknown}
 g - 5 scrolls of remove curse
 m - a scroll of fog {unknown}
 n - 3 scrolls of teleportation {unknown}
 s - 2 scrolls of enchant weapon {unknown}
 u - 3 scrolls of noise {unknown}
 w - a scroll of magic mapping {unknown}
 B - a scroll of fear {unknown}
 G - 3 scrolls of identify {unknown}
Potions
 e - 2 potions of heal wounds
 o - 2 potions of might
 p - a potion of curing
 r - 3 potions of flight
 t - 2 potions of agility {unknown}
 D - a potion of ambrosia {!q}
 H - a potion of berserk rage {unknown}
Books
 c - a book of Ice

   Spells                             Type                      Level
   a - Ice Form                       Ice/Transmutation            4
   b - Metabolic Englaciation         Hexes/Ice                    5
   c - Ozocubu's Refrigeration        Ice                          6
   d - Bolt of Cold                   Conjuration/Ice              6
   e - Freezing Cloud                 Conjuration/Ice/Air          6
   f - Simulacrum                     Ice/Necromancy               6
 L - Kikubaaqudgha's Papyrus of Evil
   (Kikubaaqudgha gifted it to you on level 6 of the Dungeon)

   Spells                             Type                      Level
   a - Animate Skeleton               Necromancy                   1
   b - Corpse Rot                     Necromancy                   2
   c - Sublimation of Blood           Necromancy                   2
   d - Regeneration                   Charms/Necromancy            3
   e - Control Undead                 Necromancy                   4
Comestibles
 f - 2 bread rations
 h - 2 meat rations
 i - 4 beef jerkies
 v - a slice of pizza


   Skills:
 - Level 4.6 Fighting
 - Level 4.6 Dodging
 - Level 2.0 Stealth
 - Level 2.9 Shields
 + Level 8.4 Unarmed Combat
 - Level 3.6 Spellcasting
 - Level 4.6 Conjurations
 - Level 1.1 Necromancy
 - Level 3.1 Fire Magic
   Level 1.0 Air Magic


You had one spell level left.
You knew the following spells:

 Your Spells              Type           Power        Failure   Level  Hunger
a - Flame Tongue          Conj/Fire      ###..        10%         1    None
b - Apportation           Tloc           #.........   41%         1    None
c - Conjure Flame         Conj/Fire      ###.....     24%         3    ###....
d - Portal Projectile     Tloc           #.....       95%         3    ###....
e - Animate Skeleton      Necr           N/A          24%         1    None
f - Regeneration          Chrm/Necr      #.........   89%         3    ###....
g - Sublimation of Blood  Necr           #.........   34%         2    ##.....


Dungeon Overview and Level Annotations

Branches:
Dungeon (8/15)             Temple (0/1) D:7
   Lair: D:8-11

Altars:
Dithmenos
Gozag
Kikubaaqudgha
Sif Muna
Vehumet

Shops:
D:6 %!::%   D:7 [

Annotations:
D:6 exclusion: door


Innate Abilities, Weirdness & Mutations

You have very sharp fingernails.
You have a pair of small horns on your head.
You have sharp toenails.
A weak demonic guardian rushes to your aid.
You are immune to rotting.


Message History

You are too injured to fight recklessly!
You are too injured to fight recklessly!
You are too injured to fight recklessly!
You are too injured to fight recklessly!
You are too injured to fight recklessly!
You are too injured to fight recklessly!
You are too injured to fight recklessly!
You are too injured to fight recklessly!
The orc priest looks braver for a moment.
The orc priest calls down the wrath of Beogh upon you.
Pain shoots through your body!
You take 10 damage, and have 21/66 hp.
The orc priest invokes the aid of Beogh against you.
Something smites you!
* * * LOW HITPOINT WARNING * * *
You take 11 damage, and have 10/66 hp.
The orc priest mumbles some strange prayers to Beogh against you.
Something smites you!
You die...
Kikubaaqudgha rasps: "You have failed me!
Welcome... death!"

#.....o...# ##.......######.##
#.###.#...####.........#......#
#........+.........'.###...
#.#.#.####.........#.# #...
#..###.# #.......##.# #.##
###.#.## ##.....###.....##
######.o#######...## ###.###
...).............## #.#
######.#..##@##..# # #
#......#......# #......#..##..#
#.........##...#
#......##.#.....#
#.................
#####.###.##...####
#.....###.## ####### ##


You could see an orc priest.

Vanquished Creatures
  Psyche (D:8)
  Grinder (D:3)
  A water moccasin (D:7)
  An ice beast (D:7)
  A sky beast (D:7)
  A phantom (D:7)
  3 ogres
  A giant frog (D:7)
  2 centaurs (D:7)
  5 scorpions (D:6)
  3 killer bees (D:7)
  3 wights (D:6)
  A crimson imp (D:5)
  3 hounds
  7 orc priests
  2 jellies
  8 orc wizards
  3 iguanas (D:4)
  Natasha (thrice) (D:4)
  4 worker ants
  A worker ant zombie (D:7)
  12 adders
  3 oozes
  2 worms
  3 giant geckos
  29 orcs
  2 ball pythons (D:6)
  8 bats
  4 giant cockroaches
  3 hobgoblins (D:2)
  12 jackals
  3 quokkas
  A ball python skeleton (D:4)
  A giant gecko skeleton (D:4)
  7 giant newts
  13 goblins
  10 kobolds
  A quokka skeleton (D:4)
  4 rats
173 creatures vanquished.

Vanquished Creatures (collateral kills)
  Menkaure (D:5)
  A sky beast (D:6)
  A centaur (D:8)
  A giant frog (D:6)
  An orc wizard (D:4)
  2 bats (D:6)
  A jackal (D:6)
8 creatures vanquished.

Vanquished Creatures (others)
  A human (D:4)
  A scorpion (D:5)
  13 fungi (D:6)
15 creatures vanquished.

Grand Total: 196 creatures vanquished

Notes
Turn   | Place    | Note
--------------------------------------------------------------
     0 | D:1      | Goblin1989 the Demonspawn Wanderer began the quest for the Orb.
     0 | D:1      | Goblin1989 set off with: a +2 dagger, a potion of heal wounds, the Grimoire of Combat Magic and Fire, the Handbook of the Compass, a +0 robe, a bread ration
     0 | D:1      | Reached XP level 1. HP: 13/13 MP: 4/4
     0 | D:1      | Identified the Grimoire of Combat Magic and Fire
     0 | D:1      | Identified the Handbook of the Compass
     2 | D:1      | Learned a level 1 spell: Flame Tongue
     4 | D:1      | Learned a level 1 spell: Apportation
   367 | D:1      | Gained mutation: You have sharp fingernails. [demonic ancestry]
   367 | D:1      | Reached XP level 2. HP: 16/19 MP: 4/6
   895 | D:1      | Reached skill level 1 in Fire Magic
  1489 | D:2      | Reached XP level 3. HP: 24/24 MP: 3/7
  1565 | D:2      | Learned a level 3 spell: Conjure Flame
  1569 | D:2      | Learned a level 3 spell: Portal Projectile
  2526 | D:3      | Gained mutation: You have very sharp fingernails. [demonic ancestry]
  2526 | D:3      | Reached XP level 4. HP: 30/30 MP: 2/9
  2835 | D:3      | Found a shadowy altar of Dithmenos.
  3118 | D:3      | Reached skill level 4 in Conjurations
  3376 | D:3      | Reached XP level 5. HP: 35/35 MP: 8/10
  3381 | D:3      | Noticed Grinder
  3737 | D:4      | Noticed an ogre
  4066 | D:4      | Noticed Natasha
  4071 | D:4      | Killed Natasha
  4254 | D:4      | Found an ancient bone altar of Kikubaaqudgha.
  4254 | D:4      | Noticed a human
  4257 | D:4      | Killed a human
  4263 | D:4      | Became a worshipper of Kikubaaqudgha
  4623 | D:4      | Gained mutation: A weak demonic guardian rushes to your aid. [demonic ancestry]
  4623 | D:4      | Reached XP level 6. HP: 24/42 MP: 6/11
  4753 | D:4      | Noticed Natasha
  4760 | D:4      | Killed Natasha
  4760 | D:4      | Reached skill level 1 in Dodging
  4760 | D:4      | Reached skill level 1 in Unarmed Combat
  4813 | D:4      | crauler: кикушка, кикушка, сколько мне жить осталось?
  4814 | D:4      | Goblin1989: Думаю еще долго
  4837 | D:4      | HP: 1/42 [iguana (10)]
  4932 | D:4      | Noticed Natasha
  4936 | D:4      | Killed Natasha
  4971 | D:4      | Reached skill level 1 in Fighting
  5216 | D:4      | Killed an ogre
  5293 | D:4      | Gained mutation: You have sharp toenails. [demonic ancestry]
  5293 | D:4      | Reached XP level 7. HP: 46/49 MP: 7/12
  5812 | D:5      | Entered Level 5 of the Dungeon
  6373 | D:5      | Noticed Menkaure
  6378 | D:5      | Killed Menkaure
  6582 | D:3      | Killed Grinder
  6825 | D:3      | Gained mutation: You have a pair of small horns on your head. [demonic ancestry]
  6825 | D:3      | Reached XP level 8. HP: 58/58 MP: 3/13
  7643 | D:6      | Found Qocvewu's Food Shoppe.
  7815 | D:6      | Reached * piety under Kikubaaqudgha
  7815 | D:6      | Received a gift from Kikubaaqudgha
  7816 | D:6      | Identified Kikubaaqudgha's Papyrus of Evil (Kikubaaqudgha gifted it to you on level 6 of the Dungeon)
  7819 | D:6      | Learned a level 1 spell: Animate Skeleton
  7823 | D:6      | Learned a level 3 spell: Regeneration
  7826 | D:6      | Learned a level 2 spell: Sublimation of Blood
  8010 | D:6      | Found Foset's Book Emporium.
  8111 | D:6      | Found Ohosouko's Food Shoppe.
  8140 | D:6      | Found a deep blue altar of Sif Muna.
  8190 | D:6      | Found Iffesued's Distillery.
  8243 | D:6      | Bought a potion of curing for 42 gold pieces
  8243 | D:6      | Bought a potion of flight for 42 gold pieces
  8243 | D:6      | Bought a potion of poison for 14 gold pieces
  8243 | D:6      | Bought a potion of degeneration for 14 gold pieces
  8243 | D:6      | Bought a potion of mutation for 35 gold pieces
  8273 | D:6      | Found an opulent altar of Gozag.
  8368 | D:6      | Reached skill level 1 in Shields
  8381 | D:6      | Found Joups's Book Shoppe.
  8490 | D:6      | Reached skill level 5 in Unarmed Combat
  9108 | D:7      | Found a radiant altar of Vehumet.
  9172 | D:7      | Found a staircase to the Ecumenical Temple.
  9277 | D:7      | Reached ** piety under Kikubaaqudgha
  9277 | D:7      | Reached skill level 6 in Unarmed Combat
  9284 | D:7      | HP: 3/61 [poisoned by a killer bee]
  9292 | D:7      | HP: 3/61 [poisoned by a killer bee]
  9664 | D:7      | Gained mutation: You are immune to rotting. [demonic ancestry]
  9664 | D:7      | Reached XP level 9. HP: 61/66 MP: 14/14
  9999 | D:7      | Found Wol Geg's Antique Armour Emporium.
 10012 | D:7      | Bought a faintly glowing robe for 96 gold pieces
 10012 | D:7      | Bought a shiny shield for 76 gold pieces
 10022 | D:7      | Identified the cursed +1 robe of Beauty {rF- MR+++ Slay+3} (You bought it in a shop on level 7 of the Dungeon)
 10659 | D:7      | Reached skill level 7 in Unarmed Combat
 10769 | D:8      | Noticed Psyche
 10783 | D:8      | Killed Psyche
 10930 | D:8      | Reached skill level 8 in Unarmed Combat
 11407 | D:8      | Killed from afar by an orc priest

Action                   |  1- 3 |  4- 6 |  7- 9 || total
-------------------------+-------+-------+-------++-------
Melee: Dagger            |    10 |     1 |       ||    11
       Unarmed           |     7 |       |   379 ||   386
 Fire: Blowgun           |       |       |     6 ||     6
 Cast: Flame Tongue      |    82 |   134 |    59 ||   275
       Conjure Flame     |       |     1 |     2 ||     3
  Use: Scroll            |       |     1 |     2 ||     3
       Potion            |       |     2 |     5 ||     7
 Stab: Sleeping          |     1 |       |       ||     1
  Eat: Chunk             |     5 |     5 |    11 ||    21
       Fruit             |       |     4 |     2 ||     6
       Royal jelly       |       |       |     1 ||     1
       Meat ration       |       |       |     1 ||     1
